 Dungeon Crawl Stone Soup version 0.20.1-1-g8b1a95d (webtiles) character file.

32 Zedayar the Sneak (level 3, 0/24 HPs)
             Began as an Octopode Assassin on Aug 23, 2017.
             Slain by a goblin (2 damage)
             ... led by Robin
             ... on level 2 of the Dungeon.
             The game lasted 00:02:43 (384 turns).

Zedayar the Sneak (Octopode Assassin)                Turns: 384, Time: 00:02:43

Health: 0/24       AC:  1    Str: 10    XL:     3   Next: 25%
Magic:  3/3        EV: 13    Int: 13    God:
Gold:   14         SH:  0    Dex: 14    Spells: 2/2 levels left

rFire    . . .     SeeInvis .   e - +2 mace (venom)
rCold    . . .     Gourm    .   (no shield)
rNeg     . . .     Faith    .   (helmet restricted)
rPois    .         Spirit   .   (no amulet)
rElec    .         Reflect  .   h - ring of teleportation (curse)
rCorr    .         Harm     .   (no ring)
MR       .....     Rnd*Tele +   (no ring)
Stlth    ++++......             (no ring)
Regen    0.1/turn               (no ring)
MPRegen  0.1/turn               (no ring)
                                (no ring)
                                (no ring)

@: no status effects
A: almost no armour, stealthy swim, amphibious, 8 rings, constrict 8, camouflage
1, blurry vision 1, gelatinous body 1, evolution 1, MP-powered wands
a: no special abilities


You were on level 2 of the Dungeon.
You were not hungry.

You visited 1 branch of the dungeon, and saw 2 of its levels.

You collected 14 gold pieces.

Inventory:

Hand Weapons
 a - a +2 dagger
 b - a +0 blowgun
 e - a +2 mace of venom (weapon)
Missiles
 c - 8 poisoned needles
 d - 2 curare-tipped needles
Jewellery
 h - a cursed ring of teleportation (left tentacle)
Potions
 i - a potion of mutation
Comestibles
 f - 2 bread rations
 g - 3 royal jellies


   Skills:
 + Level 2.2 Fighting
 + Level 2.1 Short Blades
 + Level 0.4 Maces & Flails
 + Level 2.2 Throwing
 + Level 1.0 Dodging
 + Level 6.3 Stealth


You had 2 spell levels left.
You didn't know any spells.

Dungeon Overview and Level Annotations

Branches:
Dungeon (1/15)

Altars:

Annotations:
D:2 Robin


Innate Abilities, Weirdness & Mutations

You cannot wear most types of armour.
You are very stealthy in the water. (Stealth+)
You are amphibious.
You can wear up to eight rings at the same time.
You can use your tentacles to constrict eight enemies at once.
Your skin changes colour to match your surroundings (Stealth+).
Your rubbery body absorbs attacks. (AC +1, EV +1)
Scrolls take you a little longer to read.
You evolve.
You expend magic power (3 MP) to strengthen your wands.


Message History

You kill the goblin!
The goblin closely misses you. Robin throws the goblin at you!
It was a potion of curing.
You feel better. The goblin hits you with a club!
* * * LOW HITPOINT WARNING * * *
Robin throws the goblin at you! The hobgoblin closely misses you.
The goblin closely misses you.
It was a potion of mutation.
You feel extremely strange.
Your vision blurs.
You feel your magical essence link to your wands.
You feel nature experimenting on you.
Don't worry, failures die fast.
The goblin hits you but does no damage. The goblin misses you.
Robin throws the goblin at you!
* * * LOW HITPOINT WARNING * * *
The goblin completely misses you. The goblin misses you.
The hobgoblin misses you. The goblin barely misses you. The hobgoblin hits you.
* * * LOW HITPOINT WARNING * * *
You hit the goblin.
You kill the goblin!
The goblin hits you.
You die...

##.....##
#.......##
........(#
.........#
.........#
......g..#
.....ggg.#
......gg##
......g@g#
......g†g#
.........#
.......<.#
..........
#....%..#.#
##........#
#####..###


You could see Robin, 2 hobgoblins and 7 goblins.

Vanquished Creatures
  An adder (D:2)
  A worm (D:2)
  A dart slug (D:1)
  A giant cockroach (D:1)
  3 goblins (D:2)
  6 hobgoblins
  A kobold (D:2)
  A bat (D:1)
  A rat (D:2)
16 creatures vanquished.

Notes
Turn   | Place    | Note
-------+----------+-------------------------------------------
     0 | D:1      | Zedayar the Octopode Assassin began the quest for the Orb.
     0 | D:1      | Reached XP level 1. HP: 14/14 MP: 1/1
   133 | D:1      | Reached XP level 2. HP: 19/19 MP: 2/2
   149 | D:1      | You fall through a shaft!
   178 | D:2      | Reached skill level 6 in Stealth
   244 | D:2      | Reached XP level 3. HP: 10/24 MP: 3/3
   375 | D:2      | Noticed Robin
   383 | D:2      | Gained mutation: Scrolls take you a little longer to read. [potion of mutation]
   383 | D:2      | Gained mutation: You expend magic power (3 MP) to strengthen your wands. [potion of mutation]
   383 | D:2      | Gained mutation: You evolve. [potion of mutation]
   384 | D:2      | Slain by a goblin

Skill      XL: |  1  2 |
---------------+-------+-----
Stealth        | 6 |  6.3
Fighting       | |  2.2
Short Blades   | |  2.1
Maces & Flails | |  0.4
Throwing       | |  2.2
Dodging        | |  1.0

Action                   || total
-------------------------++-------
Melee: Dagger            ||     4
       Constrict         ||     8
       Tentacles         ||     4
       Mace              ||    18
  Use: Scroll            ||     1
       Potion            ||     3
 Stab: Sleeping          ||     5
Armor: Skin              ||     5
Dodge: Dodged            ||    20
